 Dungeon Crawl Stone Soup version 0.21-a0-142-gdd972a7 (webtiles) character file.

476 Ordine the Magician (level 6, 0/32 HPs)
             Began as a Deep Elf Wizard on July 24, 2017.
             Slain by Pikel
             ... wielding a +0 whip of freezing
              (1 damage)
             ... on level 3 of the Dungeon.
             The game lasted 00:12:24 (4385 turns).

Ordine the Magician (Deep Elf Wizard)               Turns: 4385, Time: 00:12:25

Health: 0/32       AC:  5    Str:  1 (4)  XL:     6   Next: 84%
Magic:  0/16       EV: 13    Int: 23 (25) God:
Gold:   283        SH:  0    Dex: 11 (13) Spells: 7/16 levels left

rFire    . . .     SeeInvis .   h - +0 dagger (elec)
rCold    . . .     Gourm    .   (no shield)
rNeg     . . .     Faith    .   a - +0 robe
rPois    .         Spirit   .   b - +0 hat
rElec    .         Reflect  .   (no cloak)
rCorr    .         Harm     .   l - +2 pair of gloves
MR       .....                  (no boots)
Stlth    +++.......             (no amulet)
HPRegen  0.10/turn              (no ring)
MPRegen  0.15/turn              (no ring)

@: flying, hasted (expiring), very quick
A: no striking features
a: no special abilities


You were on level 3 of the Dungeon.
You were not hungry.

You visited 1 branch of the dungeon, and saw 4 of its levels.

You collected 283 gold pieces.

Inventory:

Hand Weapons
 h - a +0 dagger of electrocution (weapon)
Armour
 a - a +0 robe (worn)
 b - a +0 hat (worn)
 l - a +2 pair of gloves (worn)
Wands
 v - a wand of enslavement (11/24)
Scrolls
 i - a scroll of fear
 n - a scroll of amnesia
 o - 4 scrolls of teleportation
 p - 2 scrolls of remove curse
 q - 2 scrolls of identify
 t - a scroll of fog
Potions
 e - a potion of mutation
 g - a potion of agility
 j - 2 potions of brilliance
 k - a potion of heal wounds
Books
 c - a book of Minor Magic

   Spells                             Type                      Level
   a - Magic Dart                     Conjuration                  1
   b - Blink                          Translocation                2
   c - Call Imp                       Summoning                    2
   d - Slow                           Hexes                        2
   e - Conjure Flame                  Conjuration/Fire             3
   f - Mephitic Cloud                 Conjuration/Poison/Air       3
Comestibles
 d - 3 bread rations
 f - 3 royal jellies
 m - 10 fruits
 s - a meat ration


   Skills:
 + Level 4.0 Dodging
 + Level 4.5 Stealth
 + Level 5.7 Spellcasting
 + Level 3.2 Conjurations
   Level 1.1 Summonings
 + Level 3.0 Translocations
 + Level 2.4 Fire Magic
 + Level 1.9 Air Magic


You had 7 spell levels left.
You knew the following spells:

 Your Spells              Type           Power        Failure   Level  Hunger
a - Magic Dart            Conj           ###.         2%          1    None
b - Blink                 Tloc           N/A          3%          2    None
c - Conjure Flame         Conj/Fire      ###.....     9%          3    #......
d - Mephitic Cloud        Conj/Pois/Air  ##......     13%         3    #......


Dungeon Overview and Level Annotations

Branches:
Dungeon (4/15)
 Temple: D:4-7

Altars:
Cheibriados
Elyvilon
Nemelex Xobeh
Qazlal
Ru
Uskayaw
Xom
Zin

Annotations:
D:3 Pikel


Message History

Casting: Magic Dart
Confirm with . or Enter, or press ? or * to list all spells.
Aiming: Magic Dart
Press: ? - help, Shift-Dir - straight line, f/p - Pikel
Aim: Pikel, wielding a whip of freezing and wearing a robe (almost dead)
The magic dart hits Pikel.
Pikel is almost dead.
Your extra speed is starting to run out.
Casting: Magic Dart
Confirm with . or Enter, or press ? or * to list all spells.
Aiming: Magic Dart
Press: ? - help, Shift-Dir - straight line, f/p - Pikel
Aim: Pikel, wielding a whip of freezing and wearing a robe (almost dead)
The magic dart hits Pikel.
Pikel is almost dead.
Pikel says, "It's all about the gold, really."
Pikel hits you with a whip of freezing.
* * * LOW HITPOINT WARNING * * *
Pikel freezes you.
You die...

##...###.##......# #
#....##.##......# #
#....##.##...########## ####
#....##.##...<...K....# #...
##......##.#..#.#..##.# #.##
#.#.#####.#..#.#..##.# #.# #...##
#.#..#.#..##.# #.#
#######..####.#.K#.#..##.#####.#
...# #.......#.@#.#.........#.#
...#####......[.......##.###.#.##
...'..รท................#.###.#.##
...######.#...............##.#.##
...# #...###>##.............##
...# #...# #.#####............
...######...###.# #.##....#####
#...........(...# #.....#.#####
###.#####.#..##.# ###.##..#......


You could see Pikel.

Vanquished Creatures
  A hippogriff (D:3)
  A slave (D:3)
  An ogre (D:4)
  Terence (D:3)
  An iguana (D:4)
  A worker ant (D:4)
  4 adders
  2 oozes
  2 worms (D:2)
  3 dart slugs
  3 leopard geckos
  6 orcs
  3 ball pythons
  7 bats
  2 giant cockroaches
  5 goblins
  6 hobgoblins
  14 jackals
  2 quokkas
  2 frilled lizards
  14 kobolds
  8 rats
89 creatures vanquished.

Vanquished Creatures (others)
  A plant (D:2)
1 creature vanquished.

Grand Total: 90 creatures vanquished

Notes
Turn   | Place    | Note
-------+----------+-------------------------------------------
     0 | D:1      | Ordine the Deep Elf Wizard began the quest for the Orb.
     0 | D:1      | Reached XP level 1. HP: 10/10 MP: 7/7
   400 | D:1      | Reached XP level 2. HP: 10/15 MP: 5/9
   494 | D:1      | Learned a level 2 spell: Blink
  1127 | D:1      | Reached XP level 3. HP: 3/19 MP: 1/11
  1283 | D:2      | Learned a level 3 spell: Conjure Flame
  1287 | D:2      | Learned a level 3 spell: Mephitic Cloud
  1368 | D:2      | Found a snail-covered altar of Cheibriados.
  1675 | D:2      | Reached skill level 5 in Spellcasting
  1929 | D:2      | Reached XP level 4. HP: 12/24 MP: 10/13
  2380 | D:2      | Reached skill level 1 in Fire Magic
  2766 | D:3      | Found a white marble altar of Elyvilon.
  2845 | D:3      | Noticed Terence
  2859 | D:3      | Killed Terence
  3179 | D:3      | Reached XP level 5. HP: 27/28 MP: 9/14
  3227 | D:3      | Found a sacrificial altar of Ru.
  3228 | D:3      | Found a glowing silver altar of Zin.
  3228 | D:3      | Found a hide-covered altar of Uskayaw.
  3233 | D:3      | Found a shimmering altar of Xom.
  3276 | D:3      | Noticed a hippogriff
  3287 | D:3      | Killed a hippogriff
  3287 | D:3      | Reached skill level 1 in Air Magic
  3287 | D:3      | Reached XP level 6. HP: 32/32 MP: 2/16
  4017 | D:4      | Found a sparkling altar of Nemelex Xobeh.
  4197 | D:4      | Found a stormy altar of Qazlal.
  4273 | D:4      | Noticed Pikel
  4273 | D:4      | Noticed a slave
  4273 | D:4      | Noticed a slave
  4273 | D:4      | Noticed a slave
  4275 | D:4      | Noticed a slave
  4322 | D:3      | Killed a slave
  4385 | D:3      | HP: 1/32 [Pikel/whip of freezing (6)]
  4385 | D:3      | Slain by Pikel

Vault maps used:
D:1:      dpeg_arrival_three_smaller_balls
D:2:      cheibriados_altar_1, kennysheep_minor_cross, lexackson_kobold_supper
D:3:      elyvilon_altar_3, minitemple, first_bread, uniq_terence
D:4:      wad_pebble_path, grunt_qazlal_clouds, nemelex_altar_shiori, uniq_pikel

Skill      XL: |  1  2  3  4  5  6 |
---------------+-------------------+-----
Stealth        | 3 4 |  4.5
Conjurations   | 2 3 |  3.2
Spellcasting   | 5 |  5.7
Fire Magic     | 1 2 |  2.4
Dodging        | 3 4 |  4.0
Translocations | 2 3 |  3.0
Air Magic      | 1 |  1.9
Summonings     | |  1.1

Action                   |  1- 3 |  4- 6 || total
-------------------------+-------+-------++-------
Melee: Dagger            |     6 |     5 ||    11
 Cast: Magic Dart        |   111 |   136 ||   247
       Blink             |     1 |     3 ||     4
       Mephitic Cloud    |       |     6 ||     6
       Conjure Flame     |       |     5 ||     5
  Use: Scroll            |     9 |     1 ||    10
       Potion            |     1 |     4 ||     5
  Eat: Chunk             |     3 |     7 ||    10
Armor: Robe              |    13 |    11 ||    24
Dodge: Dodged            |    34 |    20 ||    54
